AoeStats
← Muhammad

Arabian Desert

510560937Analyzed
1v1 RM · 2d ago on Oct 1, 2026· 40m 56s· 2 players
Game mode
Random Map
Map size
Tiny (2 player)
Population
200
Speed
Normal
Resources
Standard
Victory
Conquest
Starting age
Dark Age
Ending age
Imperial Age
RankedLock teamsTeams togetherTeam positionsShared explorationLock speedFull tech treeHidden civsTurbo modeCheats
Victory
Defeat
🇨🇳 Malians · China
1040
+34
🇪🇸 Byzantines · Spain
1080
-18
Muhammad
6:21 Loom
8:45 Feudal Age
9:30 Double-Bit Axe
20:00 Castle Age
18:26 Fletching
18:44 Gold Mining
18:52 Stone Mining
20:46 Bodkin Arrow
20:46 Horse Collar
22:18 Bow Saw
25:14 Town Watch
26:07 Wheelbarrow
26:09 Heavy Plow
26:59 Stone Shaft Mining
29:00 Gold Mining
28:34 Elite Skirmisher
30:33 Padded Archer Armor
34:28 Imperial Age
32:41 Forging
32:31 Scale Mail Armor
32:43 Light Cavalry
33:34 Bloodlines
33:24 Husbandry
35:05 Tigui
35:14 Tigui
35:57 Crop Rotation
35:34 Scale Barding Armor
36:04 Iron Casting
36:09 Farimba
36:58 Gold Shaft Mining
37:08 Chain Barding Armor
39:19 Plate Barding Armor
38:31 Heavy Camel Rider
tituscat
10:08 Feudal Age
8:54 Loom
10:54 Double-Bit Axe
23:19 Castle Age
23:27 Elite Skirmisher
23:29 Pikeman
24:10 Squires
24:41 Gold Mining
24:34 Horse Collar
25:17 Bow Saw
32:20 Forging
34:10 Fletching
Connection lost

Rejoining the realm…

Still unreachable

The connection could not be restored.

Session expired

The server has moved on; the page needs a fresh start.